 Dungeon Crawl Stone Soup version 0.30.1-9-gdf580d7c3d (webtiles) character file.

Game seed: 16491325574898372349

374 leafyfresh the Ducker (level 7, -8/45 HPs)
             Began as a Djinni Ice Elementalist on Oct 15, 2023.
             Was an Initiate of Ashenzari.
             Mangled by Menkaure (15 damage)
             ... on level 4 of the Dungeon.
             The game lasted 00:04:34 (3142 turns).

leafyfresh the Ducker (Djinni Ice Elementalist)     Turns: 3142, Time: 00:04:35

Health: -8/45      AC: 10    Str:  7    XL:     7   Next: 3%
Gold:   152        EV: 13    Int: 19    God:    Ashenzari [......] SH:  0 Dex: 13

rFire   + + .        l - +2 quarterstaff (chaos)
rCold   x . .        (shield currently unavailable)
rNeg    . . .        a - +0 robe
rPois   ∞            (no helmet)
rElec   .            m - +0 cloak {Stlth+}
rCorr   .            e - +0 pair of gloves
SInv    .            (boots unavailable)
Will    .....        (no amulet)
Stlth   +++          (no ring)
HPRegen 0.27/turn    (no ring)
MPRegen 0.00/turn

%: infuse magic (-9 HP)
@: ice-armoured, flying, very slightly contaminated
A: sickness immunity, fire resistance 2, cold vulnerability 1, float, innate
caster, HP casting, extra vitality 1
a: Renounce Religion, Curse Item


You were on level 4 of the Dungeon.
You worshipped Ashenzari.
Ashenzari was noncommittal.
You visited 1 branch of the dungeon, and saw 4 of its levels.

You collected 152 gold pieces.

Inventory:

Hand Weapons
 f - a +1 whip of pain
 l - a +2 quarterstaff of chaos (weapon)
 p - the +1 dagger of Saezus {heavy, rF+ rN+}
   (You found it on level 3 of the Dungeon)

   rF:        It protects you from fire.
   rN:        It protects you from negative energy.
Armour
 a - a +0 robe (worn)
 e - a +0 pair of gloves (worn)
 m - a +0 cloak of stealth (worn)
Wands
 i - a wand of charming (10)
Scrolls
 b - 2 scrolls of teleportation
 c - 2 scrolls of identify
Potions
 d - a potion of mutation
 g - a potion of attraction {unknown}
 h - 3 potions of heal wounds {unknown}
 j - a potion of flight {unknown}
 k - 3 potions of curing {unknown}
 n - a potion of invisibility {unknown}
 o - a potion of haste {unknown}
 q - a potion of cancellation {unknown}


   Skills:
 + Level 4.6 Dodging
 + Level 3.8 Stealth
 + Level 4.4 Spellcasting


You knew the following spells:

 Your Spells              Type           Power      Damage    Failure   Level
a - Freeze                Ice            80%        1d9       2%          1
b - Frozen Ramparts       Ice            40%        1d7       6%          3
c - Ozocubu's Armour      Ice            20%        N/A       6%          3
d - Summon Ice Beast      Ice/Summ       20%        N/A       22%         4
e - Magic Dart            Conj           80%        1d7       2%          1
f - Ensorcelled Hibernat  Hex/Ice        40%        N/A       3%          2
g - Volatile Blastmotes   Fire/Tloc      40%        2d13      6%          3
Your spell library was empty.

Dungeon Overview and Level Annotations

Branches:
Dungeon (4/15)
 Temple: D:4-7

Altars:
Ashenzari
Okawaru
Qazlal

Annotations:
D:4 Menkaure


Innate Abilities, Weirdness & Mutations

You are immune to sickness and miasma.
You are immune to poison.
Your flesh is very heat resistant. (rF++)
You are vulnerable to cold. (rC-)
You float through the air rather than walking.
You learn spells naturally, not from books.
Your magical power is your life essence.
You have superior vitality. (+4 MHP)


Message History

Menkaure closely misses you.
Unknown command.
Casting: Freeze (safe; 2% risk of failure)
Confirm with . or Enter, or press ? or * to list all spells.
Aiming: Freeze (safe; 2% risk of failure)
Press: ? - help, Shift-Dir - straight line, f/p - Menkaure
Aim: Menkaure (heavily damaged)
You freeze Menkaure.
Menkaure resists.
Menkaure is severely damaged.
Unknown command.
Unknown command.
Casting: Freeze (safe; 2% risk of failure)
Confirm with . or Enter, or press ? or * to list all spells.
Aiming: Freeze (safe; 2% risk of failure)
Press: ? - help, Shift-Dir - straight line, f/p - Menkaure
Aim: Menkaure (severely damaged)
You freeze Menkaure.
Menkaure resists.
Menkaure is severely damaged.
The frozen ramparts melt away.
Menkaure hits you.
* * * LOW HITPOINT WARNING * * *
Unknown command.
Casting: Freeze (safe; 2% risk of failure)
Confirm with . or Enter, or press ? or * to list all spells.
Aiming: Freeze (safe; 2% risk of failure)
Press: ? - help, Shift-Dir - straight line, f/p - Menkaure
Aim: Menkaure (severely damaged)
You freeze Menkaure.
Menkaure resists.
Menkaure is almost destroyed.
* * * LOW HITPOINT WARNING * * *
Menkaure barely misses you.
Casting: Freeze (safe; 2% risk of failure)
Confirm with . or Enter, or press ? or * to list all spells.
Casting: Frozen Ramparts (dangerous; 6% risk of failure)
Press: ? - help, Dir - look around, f - activate You miscast Frozen Ramparts.
You are very lightly contaminated with residual magic.
Nothing appears to happen.
* * * LOW HITPOINT WARNING * * *
The quokka misses you. Menkaure hits you!
You die...

### #####...
#..#.<. ##.....#
##......#
####....#.#
........M.##
##..@#...#
#..r.#...#
.######.......##
......#!.....!.#
#..............#
##.............#
##...#........#
##..#........#
##......<...#


You could see Menkaure and a quokka.

Vanquished Creatures
  Sigmund (D:3)
  An ogre (D:3)
  Crazy Yiuf (D:2)
  Terence (D:2)
  2 adders
  2 dart slugs (D:2)
  An orc (D:3)
  3 endoplasms
  2 giant cockroaches
  2 goblins (D:3)
  8 hobgoblins
  4 jackals (D:1)
  3 quokkas
  5 ball pythons
  4 bats
  6 frilled lizards
  10 kobolds
  4 rats
60 creatures vanquished.

Notes
Turn   | Place    | Note
-------+----------+-------------------------------------------
     0 | D:1      | leafyfresh the Djinni Ice Elementalist began the quest for
                  | the Orb.
     0 | D:1      | leafyfresh set off with the following spells memorised:
                  | Freeze, Frozen Ramparts, Ozocubu's Armour, Summon Ice
                  | Beast.
     0 | D:1      | Reached XP level 1. HP: 15/15 MP: 0/0
   105 | D:1      | Reached XP level 2. HP: 16/21 MP: 0/0
   448 | D:1      | Reached XP level 3. HP: 23/25 MP: 0/0
   448 | D:1      | Learned a level 1 spell: Magic Dart
  1051 | D:2      | Found a runed translucent door.
  1052 | D:2      | Noticed Crazy Yiuf
  1420 | D:2      | Found a broken altar of Ashenzari.
  1533 | D:2      | Became a worshipper of Ashenzari the Shackled
  1608 | D:2      | Noticed Terence
  1809 | D:2      | Killed Terence
  1810 | D:2      | Reached XP level 4. HP: 13/31 MP: 0/0
  2130 | D:2      | Killed Crazy Yiuf
  2131 | D:2      | Reached XP level 5. HP: 20/35 MP: 0/0
  2131 | D:2      | Learned a level 2 spell: Ensorcelled Hibernation
  2248 | D:3      | Noticed an ogre
  2255 | D:3      | Killed an ogre
  2510 | D:3      | Reached XP level 6. HP: 38/40 MP: 0/0
  2610 | D:3      | Identified the +1 dagger of Saezus {heavy, rF+ rN+}
  2653 | D:3      | Found an iron altar of Okawaru.
  2728 | D:3      | Found a stormy altar of Qazlal.
  2754 | D:3      | Noticed Sigmund
  2763 | D:3      | Killed Sigmund
  2774 | D:3      | Reached XP level 7. HP: 34/45 MP: 0/0
  2774 | D:3      | Learned a level 3 spell: Volatile Blastmotes
  3130 | D:4      | Noticed Menkaure
  3142 | D:4      | Mangled by Menkaure

Illustrated notes

Levels and vault maps discovered:
D:1:      minmay_arrival_plants_in_alcoves, layout_loops_ring,
          hangedman_decor_clover_reticule, amethyst_killhole
D:2:      layout_loops_ring, basic_altar, dk_vineyard_2,
          uniq_crazy_yiuf_cottage, uniq_terence
D:3:      minmay_skewed_foursquare, layout_loops_ring,
          okawaru_ov_weapons_minmay, grunt_qazlal_sundering, uniq_sigmund
D:4:      cheibrodos_fertilizer, layout_cave_pools, mainiacjoe_overflow_catwalk,
          gammafunk_ghost_cemetery, lightli_ossuary_entry_decrepit_ruins,
          wad_orctagon, uniq_menkaure, uniq_grinder

Skill      XL: |  1  2  3  4  5 |
---------------+----------------+-----
Stealth        | 2 3 |  3.8
Dodging        | 3 4 |  4.6
Spellcasting   | 4 |  4.4

Action                     |  1- 3 |  4- 6 |  7- 9 || total
---------------------------+-------+-------+-------++-------
  Melee: Unarmed           |     4 |       |       ||     4
         Whip              |    70 |     9 |       ||    79
         Punch             |     1 |     1 |       ||     2
         Quarterstaff      |       |    30 |     5 ||    35
   Cast: Freeze            |    33 |     8 |     5 ||    46
         Frozen Ramparts   |     2 |     3 |     1 ||     6
         Ozocubu's Armour  |     1 |     3 |     1 ||     5
         Magic Dart        |       |       |     1 ||     1
  Evoke: Wand              |     2 |       |       ||     2
    Use: Scroll            |       |       |     2 ||     2
   Stab: Distracted        |     1 |       |       ||     1
         Sleeping          |     5 |     7 |     3 ||    15
 Armour: Robe              |    27 |    11 |       ||    38
  Dodge: Dodged            |    57 |    27 |     4 ||    88
